Edmonton Oil Kings vs Havana Tropicals
Created - Tuesday, February 28, 2023 at 08:03
Goals
|
| Edmonton Oil Kings |
0 |
1 |
1 |
0 |
2 |
| Havana Tropicals |
2 |
0 |
0 |
1 |
3 |
|
Shots
|
| Edmonton Oil Kings |
8 |
13 |
11 |
5 |
37 |
| Havana Tropicals |
10 |
19 |
5 |
3 |
37 |
|
1st period
1. Havana Tropicals , Teddy Blueger 6 (Martin Fehervary 6) at 14:27
2. Havana Tropicals , Zach Aston-Reese 7 (Chris Tierney 7, Teddy Blueger 16) at 15:03 (PP)
Penalties :
Dillon Dube (EOK) for Interference (Minor) at 14:49, Dysin Mayo (EOK) for Interference (Minor) at 18:03
2nd period
3. Edmonton Oil Kings , Dawson Mercer 11 (Dysin Mayo 7, Noah Gregor 7) at 15:19 (PP)
Penalties :
Sammy Blais (HAV) for Hooking (Minor) at 15:02
3rd period
4. Edmonton Oil Kings , Dillon Dube 12 (Noah Gregor 8, Dawson Mercer 20) at 19:33
Penalties :
Libor Hajek (EOK) for Hooking (Minor) at 5:44
Overtime #1
5. Havana Tropicals , Chris Tierney 16 (Teddy Blueger 17) at 8:09 (PP)
Penalties :
Nikita Alexandrov (EOK) for High sticking (Minor) at 7:38, Dawson Mercer (EOK) for Hooking (Minor) at 8:01
Goalie Stats
Karel Vejmelka (EOK), 34 saves from 37 shots - (0.919), OTL, 14-5-3, 67:57 minutes
Eric Comrie (HAV), 35 saves from 37 shots - (0.946), W, 16-5-1, 68:09 minutes
Players Stats for Edmonton Oil Kings
Player Name G A P +/- PIM S H SB GA TA FO MP PP MP PK MP
------------------------------------------------------------------------------------
Brett Kulak 0 0 0 -1 0 2 0 0 0 1 0/0 21:47 0:00 2:12
Connor McMichael 0 0 0 0 0 2 2 0 1 2 2/6 13:26 0:00 0:00
Dawson Mercer 1 1 2 0 2 2 1 0 1 2 15/32 23:51 0:17 2:36
Dillon Dube 1 0 1 0 2 5 2 1 0 3 0/1 24:19 0:17 2:25
Dysin Mayo 0 1 1 1 2 2 4 0 0 0 0/0 30:14 0:17 1:25
Evan Bouchard 0 0 0 1 0 0 4 1 0 1 0/0 31:44 0:17 2:54
Filip Zadina 0 0 0 0 0 4 2 0 1 0 0/0 18:28 0:00 0:47
Joey Anderson 0 0 0 0 0 1 3 0 0 2 0/0 17:41 0:00 0:00
Josh Mahura 0 0 0 -1 0 1 0 0 0 1 0/0 21:16 0:00 2:16
Julien Gauthier 0 0 0 0 0 4 2 0 4 1 0/0 13:07 0:00 0:00
Kale Clague 0 0 0 0 0 0 1 1 0 1 0/0 17:11 0:00 0:37
Libor Hajek 0 0 0 0 2 1 2 0 0 0 0/0 16:00 0:00 0:00
Morgan Barron 0 0 0 0 0 3 0 0 0 0 0/2 15:35 0:00 1:42
Nikita Alexandrov 0 0 0 0 2 0 1 0 0 0 1/3 10:24 0:00 0:00
Noah Gregor 0 2 2 0 0 4 1 0 0 1 1/5 22:03 0:17 1:32
Ryan McLeod 0 0 0 0 0 4 2 0 1 0 8/11 17:41 0:00 0:00
Tyler Angle 0 0 0 0 0 0 1 0 0 1 1/1 10:39 0:00 0:14
Wade Allison 0 0 0 0 0 2 2 1 0 0 0/0 10:25 0:00 0:00
Players Stats for Havana Tropicals
Player Name G A P +/- PIM S H SB GA TA FO MP PP MP PK MP
------------------------------------------------------------------------------------
Anders Bjork 0 0 0 0 0 0 1 0 4 0 0/1 16:19 0:09 0:00
Andrej Sekera 0 0 0 0 0 3 0 0 0 1 0/0 15:06 0:00 0:00
Chris Tierney 1 1 2 0 0 7 1 1 3 0 0/3 21:27 2:42 0:00
Dennis Cholowski 0 0 0 0 0 0 0 0 0 0 0/0 7:46 0:00 0:00
Derrick Pouliot 0 0 0 0 0 1 1 0 0 1 0/0 14:39 0:00 0:00
Henrik Borgstrom 0 0 0 0 0 1 1 0 0 0 0/1 9:38 0:00 0:00
Martin Fehervary 0 1 1 0 0 3 2 2 1 2 0/0 30:09 3:07 0:17
Milan Lucic 0 0 0 0 0 4 0 1 0 0 0/2 20:59 1:51 0:00
Nolan Foote 0 0 0 0 0 1 0 0 0 0 0/0 9:18 0:00 0:00
Pavel Dorofeyev 0 0 0 0 0 1 1 0 1 1 0/0 15:42 0:00 0:00
Philipp Kurashev 0 0 0 0 0 0 1 2 1 0 4/6 17:53 0:47 0:00
Pierre-Edouard Bellemare 0 0 0 0 0 5 0 0 1 1 8/13 21:16 1:51 0:17
Robert Bortuzzo 0 0 0 0 0 1 1 1 0 0 0/0 22:01 1:35 0:00
Sammy Blais 0 0 0 0 2 2 5 0 3 1 0/2 21:13 1:51 0:00
Teddy Blueger 1 2 3 0 0 5 1 2 0 1 21/31 27:46 2:13 0:17
Timothy Liljegren 0 0 0 0 0 1 2 4 0 0 0/0 22:13 1:35 0:00
Zach Aston-Reese 1 0 1 0 0 1 1 1 1 0 0/2 22:17 2:42 0:00
Zach Whitecloud 0 0 0 0 0 1 3 1 1 0 0/0 24:45 3:07 0:17
3 Stars
1 - Teddy Blueger (HAV)
2 - Eric Comrie (HAV)
3 - Chris Tierney (HAV)
Power Play
Edmonton Oil Kings - 1 on 1 Attempt(s) - 100.00%
Havana Tropicals - 2 on 5 Attempt(s) - 40.00%
Penalty Kill
Edmonton Oil Kings - 3 on 5 Attempt(s) - 60.00%
- Score 0 goal in Penalty Kill
Havana Tropicals - 0 on 1 Attempt(s) - 0.00%
- Score 0 goal in Penalty Kill
Team Stat
Edmonton Oil Kings - Hits : 30 - Faceoff Wins : 28 - Blocked Shots : 4 - Penalty Minutes : 10
Havana Tropicals - Hits : 21 - Faceoff Wins : 33 - Blocked Shots : 15 - Penalty Minutes : 2
Official
Referees : Steve Kozari and Brad Meier
Linesman : Pierre Racicot and Brandon Gawryletz
Game Notes
15:03 of 1st period - Havana Tropicals goal is going for a video replay. After video review, Goal.
Edmonton Oil Kings
5 vs 5 Forward
Center Left Wing Right Wing Time % Phy DF OF
1 Dawson Mercer Noah Gregor Dillon Dube 40 1 2 2
2 Ryan McLeod Filip Zadina Joey Anderson 30 1 2 2
3 Connor McMichael Morgan Barron Julien Gauthier 20 1 2 2
4 Nikita Alexandrov Tyler Angle Wade Allison 10 1 2 2
5 vs 5 Defense
Defense Defense Time % Phy DF OF
1 Evan Bouchard Dysin Mayo 40 1 2 2
2 Brett Kulak Josh Mahura 30 1 2 2
3 Libor Hajek Kale Clague 20 1 2 2
4 Evan Bouchard Dysin Mayo 10 1 2 2
PowerPlay Forward
Center Left Wing Right Wing Time % Phy DF OF
1 Dawson Mercer Noah Gregor Dillon Dube 60 1 2 2
2 Ryan McLeod Filip Zadina Joey Anderson 40 1 2 2
PowerPlay Defense
Defense Defense Time % Phy DF OF
1 Evan Bouchard Dysin Mayo 60 1 2 2
2 Brett Kulak Josh Mahura 40 1 2 2
Penalty Kill 4 Players Forward
Center Wing Time % Phy DF OF
1 Dawson Mercer Dillon Dube 60 1 2 2
2 Noah Gregor Filip Zadina 40 1 2 2
Penalty Kill 4 Players Defense
Defense Defense Time % Phy DF OF
1 Evan Bouchard Dysin Mayo 60 1 2 2
2 Brett Kulak Josh Mahura 40 1 2 2
Penalty Kill - 3 Players Forward
Forward Time % Phy DF OF
1 Dawson Mercer 60 1 2 2
2 Dillon Dube 40 1 2 2
Penalty Kill - 3 Players Defense
Defense Defense Time % Phy DF OF
1 Evan Bouchard Dysin Mayo 60 1 2 2
2 Brett Kulak Josh Mahura 40 1 2 2
4 vs 4 Forward
Center Wing Time % Phy DF OF
1 Dawson Mercer Dillon Dube 60 1 2 2
2 Noah Gregor Filip Zadina 40 1 2 2
4 vs 4 Defense
Defense Defense Time % Phy DF OF
1 Evan Bouchard Dysin Mayo 60 1 2 2
2 Brett Kulak Josh Mahura 40 1 2 2
Last Minutes Offensive
Center Left Wing Right Wing Defense Defense
Dawson Mercer Noah Gregor Dillon Dube Evan Bouchard Dysin Mayo
Last Minutes Defensive
Center Left Wing Right Wing Defense Defense
Dawson Mercer Noah Gregor Dillon Dube Evan Bouchard Dysin Mayo
Goaltenders
Starting : Karel Vejmelka
Backup : Petr Mrazek
Extra Forwards
Normal : Connor McMichael, Julien Gauthier, Morgan Barron - PP : Connor McMichael, Julien Gauthier - PK : Morgan Barron
Extra Defensemen
Normal : Libor Hajek, Kale Clague, Brett Kulak - PP : Libor Hajek - PK : Kale Clague, Brett Kulak
Penalty Shots
Dawson Mercer, Dillon Dube, Noah Gregor, Filip Zadina, Ryan McLeod
Havana Tropicals
5 vs 5 Forward
Center Left Wing Right Wing Time % Phy DF OF
1 Teddy Blueger Chris Tierney Zach Aston-Reese 40 1 2 2
2 Pierre-Edouard Bellemare Milan Lucic Sammy Blais 30 1 2 2
3 Philipp Kurashev Anders Bjork Pavel Dorofeyev 20 1 2 2
4 Henrik Borgstrom Nolan Foote Teddy Blueger 10 1 2 2
5 vs 5 Defense
Defense Defense Time % Phy DF OF
1 Martin Fehervary Zach Whitecloud 40 1 2 2
2 Robert Bortuzzo Timothy Liljegren 30 1 2 2
3 Andrej Sekera Derrick Pouliot 20 1 2 2
4 Dennis Cholowski Martin Fehervary 10 1 2 2
PowerPlay Forward
Center Left Wing Right Wing Time % Phy DF OF
1 Teddy Blueger Chris Tierney Zach Aston-Reese 60 1 2 2
2 Pierre-Edouard Bellemare Milan Lucic Sammy Blais 40 1 2 2
PowerPlay Defense
Defense Defense Time % Phy DF OF
1 Martin Fehervary Zach Whitecloud 60 1 2 2
2 Robert Bortuzzo Timothy Liljegren 40 1 2 2
Penalty Kill 4 Players Forward
Center Wing Time % Phy DF OF
1 Teddy Blueger Pierre-Edouard Bellemare 60 1 2 2
2 Chris Tierney Milan Lucic 40 1 2 2
Penalty Kill 4 Players Defense
Defense Defense Time % Phy DF OF
1 Martin Fehervary Zach Whitecloud 60 1 2 2
2 Robert Bortuzzo Timothy Liljegren 40 1 2 2
Penalty Kill - 3 Players Forward
Forward Time % Phy DF OF
1 Teddy Blueger 60 1 2 2
2 Pierre-Edouard Bellemare 40 1 2 2
Penalty Kill - 3 Players Defense
Defense Defense Time % Phy DF OF
1 Martin Fehervary Zach Whitecloud 60 1 2 2
2 Robert Bortuzzo Timothy Liljegren 40 1 2 2
4 vs 4 Forward
Center Wing Time % Phy DF OF
1 Teddy Blueger Pierre-Edouard Bellemare 60 1 2 2
2 Chris Tierney Milan Lucic 40 1 2 2
4 vs 4 Defense
Defense Defense Time % Phy DF OF
1 Martin Fehervary Zach Whitecloud 60 1 2 2
2 Robert Bortuzzo Timothy Liljegren 40 1 2 2
Last Minutes Offensive
Center Left Wing Right Wing Defense Defense
Teddy Blueger Chris Tierney Zach Aston-Reese Martin Fehervary Zach Whitecloud
Last Minutes Defensive
Center Left Wing Right Wing Defense Defense
Teddy Blueger Chris Tierney Zach Aston-Reese Martin Fehervary Zach Whitecloud
Goaltenders
Starting : Eric Comrie
Backup : Arvid Soderblom
Extra Forwards
Normal : Philipp Kurashev, Anders Bjork, Pavel Dorofeyev - PP : Philipp Kurashev, Anders Bjork - PK : Pavel Dorofeyev
Extra Defensemen
Normal : Andrej Sekera, Derrick Pouliot, Dennis Cholowski - PP : Andrej Sekera - PK : Derrick Pouliot, Dennis Cholowski
Penalty Shots
Teddy Blueger, Pierre-Edouard Bellemare, Chris Tierney, Milan Lucic, Zach Aston-Reese
% Time on Ice - Edmonton Oil Kings
Lines # - Real PCT - Wanted PCT - Time Play
Normal Forward
1 - 34% - 40% - 21:26
2 - 28% - 30% - 17:41
3 - 21% - 20% - 13:07
4 - 17% - 10% - 10:25
Normal Defense
1 - 39% - 40% - 24:37
2 - 32% - 30% - 20:01
3 - 23% - 20% - 14:29
4 - 6% - 10% - 3:32
PP Forward
1 - 100% - 60% - 0:17
2 - 0% - 40% - 0:00
PP Defense
1 - 100% - 60% - 0:17
2 - 0% - 40% - 0:00
PK Forward
1 - 89% - 60% - 4:04
2 - 11% - 40% - 0:31
PK Defense
1 - 69% - 60% - 3:09
2 - 31% - 40% - 1:26
PK3 Forward
1 - 100% - 60% - 0:07
2 - 0% - 40% - 0:00
PK3 Defense
1 - 100% - 60% - 0:07
2 - 0% - 40% - 0:00
44 Forward
1 - 0% - 60%
2 - 0% - 40%
44 Defense
1 - 0% - 60%
2 - 0% - 40%
Last Minute Offensive - 0:31
Last Minute Defensive - 0:00
Total
Forward - 68:09
Defense - 68:09
|
% Time on Ice - Havana Tropicals
Lines # - Real PCT - Wanted PCT - Time Play
Normal Forward
1 - 30% - 40% - 18:37
2 - 33% - 30% - 20:16
3 - 23% - 20% - 14:10
4 - 15% - 10% - 9:18
Normal Defense
1 - 33% - 40% - 20:35
2 - 33% - 30% - 20:35
3 - 23% - 20% - 14:39
4 - 10% - 10% - 6:32
PP Forward
1 - 61% - 60% - 2:51
2 - 39% - 40% - 1:51
PP Defense
1 - 66% - 60% - 3:07
2 - 34% - 40% - 1:35
PK Forward
1 - 100% - 60% - 0:17
2 - 0% - 40% - 0:00
PK Defense
1 - 100% - 60% - 0:17
2 - 0% - 40% - 0:00
PK3 Forward
1 - 0% - 60%
2 - 0% - 40%
PK3 Defense
1 - 0% - 60%
2 - 0% - 40%
44 Forward
1 - 0% - 60%
2 - 0% - 40%
44 Defense
1 - 0% - 60%
2 - 0% - 40%
Last Minute Offensive - 0:00
Last Minute Defensive - 0:49
Total
Forward - 68:09
Defense - 68:09
|
Play-by-Play
1st period
0:01 of 1st period - Teddy Blueger wins face-off versus Noah Gregor in neutral zone.
0:52 of 1st period - Wrist shot by Milan Lucic.
0:52 of 1st period - Shot Misses the Net.
0:54 of 1st period - Slapshot by Sammy Blais.
0:54 of 1st period - Stopped by Karel Vejmelka without a rebound.
0:55 of 1st period - Ryan McLeod wins face-off versus Sammy Blais in Edmonton Oil Kings zone.
1:40 of 1st period - Icing by Kale Clague.
1:41 of 1st period - Teddy Blueger wins face-off versus Nikita Alexandrov in Edmonton Oil Kings zone.
1:42 of 1st period - Snap shot by Chris Tierney.
1:42 of 1st period - Deflect By Zach Aston-Reese.
1:42 of 1st period - Shot Blocked by Wade Allison.
1:42 of 1st period - Puck is out of play.
1:43 of 1st period - Teddy Blueger wins face-off versus Connor McMichael in Edmonton Oil Kings zone.
3:12 of 1st period - Slapshot by Julien Gauthier.
3:12 of 1st period - Shot Misses the Net.
3:18 of 1st period - Wrist shot by Julien Gauthier.
3:18 of 1st period - Stopped by Eric Comrie with a rebound.
5:03 of 1st period - Dillon Dube is hit by Sammy Blais and loses puck.
5:23 of 1st period - Off-side.
5:24 of 1st period - Tyler Angle wins face-off versus Philipp Kurashev in neutral zone.
5:49 of 1st period - Icing by Dysin Mayo.
5:50 of 1st period - Ryan McLeod wins face-off versus Pierre-Edouard Bellemare in Edmonton Oil Kings zone.
5:50 of 1st period - Ryan McLeod is hit by Sammy Blais.
6:12 of 1st period - Slapshot by Ryan McLeod.
6:12 of 1st period - Stopped by Eric Comrie with a rebound.
6:14 of 1st period - Slapshot by Libor Hajek.
6:14 of 1st period - Stopped by Eric Comrie with a rebound.
6:16 of 1st period - Snap shot by Ryan McLeod.
6:16 of 1st period - Shot Misses the Net.
6:18 of 1st period - Wrist shot by Filip Zadina.
6:18 of 1st period - Deflect By Pierre-Edouard Bellemare.
6:18 of 1st period - Shot Misses the Net.
6:18 of 1st period - Puck is out of play.
6:19 of 1st period - Teddy Blueger wins face-off versus Dawson Mercer in Havana Tropicals zone.
7:32 of 1st period - Teddy Blueger is hit by Joey Anderson and loses puck.
7:45 of 1st period - Brett Kulak is hit by Timothy Liljegren and loses puck.
9:40 of 1st period - Slapshot by Dillon Dube.
9:40 of 1st period - Stopped by Eric Comrie with a rebound.
9:42 of 1st period - Wrist shot by Noah Gregor.
9:42 of 1st period - Shot Misses the Net.
9:44 of 1st period - Snap shot by Josh Mahura.
9:44 of 1st period - Shot Misses the Net.
9:46 of 1st period - Slapshot by Dysin Mayo.
9:46 of 1st period - Shot Misses the Net.
10:50 of 1st period - Martin Fehervary is hit by Dysin Mayo and loses puck.
11:39 of 1st period - Sammy Blais is hit by Dysin Mayo and loses puck.
11:53 of 1st period - Ryan McLeod is hit by Martin Fehervary.
11:57 of 1st period - Ryan McLeod is hit by Zach Whitecloud and loses puck.
12:02 of 1st period - Wrist shot by Sammy Blais.
12:02 of 1st period - Deflect By Milan Lucic.
12:02 of 1st period - Stopped by Karel Vejmelka with a rebound.
12:04 of 1st period - Snap shot by Andrej Sekera.
12:04 of 1st period - Stopped by Karel Vejmelka with a rebound.
12:06 of 1st period - Slapshot by Andrej Sekera.
12:06 of 1st period - Deflect By Evan Bouchard.
12:06 of 1st period - Stopped by Karel Vejmelka with a rebound.
12:08 of 1st period - Slapshot by Pierre-Edouard Bellemare.
12:08 of 1st period - Shot Misses the Net.
12:10 of 1st period - Snap shot by Andrej Sekera.
12:10 of 1st period - Stopped by Karel Vejmelka without a rebound.
12:11 of 1st period - Dawson Mercer wins face-off versus Anders Bjork in Edmonton Oil Kings zone.
12:18 of 1st period - Wrist shot by Noah Gregor.
12:18 of 1st period - Stopped by Eric Comrie without a rebound.
12:19 of 1st period - Noah Gregor wins face-off versus Philipp Kurashev in Havana Tropicals zone.
12:45 of 1st period - Off-side.
12:46 of 1st period - Connor McMichael wins face-off versus Chris Tierney in neutral zone.
13:11 of 1st period - Dysin Mayo is hit by Martin Fehervary and loses puck.
13:27 of 1st period - Backhand shot by Julien Gauthier.
13:27 of 1st period - Stopped by Eric Comrie without a rebound.
13:28 of 1st period - Teddy Blueger wins face-off versus Dawson Mercer in Havana Tropicals zone.
13:36 of 1st period - Slapshot by Chris Tierney.
13:36 of 1st period - Shot Blocked by Dillon Dube.
13:56 of 1st period - Icing by Evan Bouchard.
13:57 of 1st period - Ryan McLeod wins face-off versus Pierre-Edouard Bellemare in Edmonton Oil Kings zone.
14:15 of 1st period - Snap shot by Filip Zadina.
14:15 of 1st period - Shot Misses the Net.
14:17 of 1st period - Slapshot by Joey Anderson.
14:17 of 1st period - Stopped by Eric Comrie without a rebound.
14:18 of 1st period - Teddy Blueger wins face-off versus Noah Gregor in Havana Tropicals zone.
14:23 of 1st period - Wrist shot by Martin Fehervary.
14:23 of 1st period - Shot Misses the Net.
14:25 of 1st period - Wrist shot by Martin Fehervary.
14:25 of 1st period - Deflect By Teddy Blueger.
14:25 of 1st period - Stopped by Karel Vejmelka with a rebound.
14:27 of 1st period - Backhand shot by Teddy Blueger.
14:27 of 1st period - Goal by Teddy Blueger - Edmonton Oil Kings : 0 - Havana Tropicals : 1.
14:28 of 1st period - Teddy Blueger wins face-off versus Noah Gregor in neutral zone.
14:49 of 1st period - Minor Penalty to Dillon Dube for Interference.
14:50 of 1st period - Teddy Blueger wins face-off versus Morgan Barron in Edmonton Oil Kings zone.
14:55 of 1st period - Snap shot by Chris Tierney.
14:55 of 1st period - Shot Blocked by Evan Bouchard.
14:57 of 1st period - Wrist shot by Teddy Blueger.
14:57 of 1st period - Stopped by Karel Vejmelka without a rebound.
14:58 of 1st period - Teddy Blueger wins face-off versus Dawson Mercer in Edmonton Oil Kings zone.
15:01 of 1st period - Wrist shot by Chris Tierney.
15:01 of 1st period - Stopped by Karel Vejmelka with a rebound.
15:03 of 1st period - Slapshot by Zach Aston-Reese.
15:03 of 1st period - Havana Tropicals goal is going for a video replay.
15:03 of 1st period - The goal is good.
15:03 of 1st period - Goal by Zach Aston-Reese - Edmonton Oil Kings : 0 - Havana Tropicals : 2.
15:04 of 1st period - Teddy Blueger wins face-off versus Dillon Dube in neutral zone.
15:29 of 1st period - Dysin Mayo is hit by Anders Bjork and loses puck.
15:58 of 1st period - Snap shot by Filip Zadina.
15:58 of 1st period - Shot Blocked by Milan Lucic.
16:00 of 1st period - Wrist shot by Evan Bouchard.
16:00 of 1st period - Shot Misses the Net.
16:02 of 1st period - Snap shot by Ryan McLeod.
16:02 of 1st period - Shot Misses the Net.
16:18 of 1st period - Snap shot by Julien Gauthier.
16:18 of 1st period - Stopped by Eric Comrie with a rebound.
16:24 of 1st period - Brett Kulak is hit by Teddy Blueger.
16:36 of 1st period - Slapshot by Philipp Kurashev.
16:36 of 1st period - Shot Misses the Net.
16:44 of 1st period - Snap shot by Tyler Angle.
16:44 of 1st period - Shot Blocked by Timothy Liljegren.
17:21 of 1st period - Timothy Liljegren is hit by Nikita Alexandrov and loses puck.
18:03 of 1st period - Minor Penalty to Dysin Mayo for Interference.
18:04 of 1st period - Dawson Mercer wins face-off versus Pierre-Edouard Bellemare in Edmonton Oil Kings zone.
Goals for this period are 0 for Edmonton Oil Kings vs 2 for Havana Tropicals.
Shots for this period are 8 for Edmonton Oil Kings vs 10 for Havana Tropicals.
2nd period
0:01 of 2nd period - Dawson Mercer wins face-off versus Teddy Blueger in neutral zone.
0:03 of 2nd period - Penalty to Dysin Mayo is over, Dysin Mayo is back on ice.
0:08 of 2nd period - Snap shot by Dillon Dube.
0:08 of 2nd period - Stopped by Eric Comrie without a rebound.
0:09 of 2nd period - Dawson Mercer wins face-off versus Teddy Blueger in Havana Tropicals zone.
0:12 of 2nd period - Wrist shot by Dawson Mercer.
0:12 of 2nd period - Shot Misses the Net.
0:32 of 2nd period - Zach Aston-Reese is hit by Dillon Dube and loses puck.
0:53 of 2nd period - Wrist shot by Chris Tierney.
0:53 of 2nd period - Stopped by Karel Vejmelka with a rebound.
0:55 of 2nd period - Wrist shot by Martin Fehervary.
0:55 of 2nd period - Deflect By Dillon Dube.
0:55 of 2nd period - Stopped by Karel Vejmelka with a rebound.
0:57 of 2nd period - Slapshot by Martin Fehervary.
0:57 of 2nd period - Shot Blocked by Kale Clague.
0:59 of 2nd period - Slapshot by Zach Whitecloud.
0:59 of 2nd period - Deflect By Dawson Mercer.
0:59 of 2nd period - Stopped by Karel Vejmelka without a rebound.
1:00 of 2nd period - Ryan McLeod wins face-off versus Milan Lucic in Edmonton Oil Kings zone.
1:26 of 2nd period - Derrick Pouliot is hit by Julien Gauthier and loses puck.
2:46 of 2nd period - Wrist shot by Teddy Blueger.
2:46 of 2nd period - Stopped by Karel Vejmelka with a rebound.
2:56 of 2nd period - Philipp Kurashev is hit by Connor McMichael and loses puck.
3:13 of 2nd period - Pierre-Edouard Bellemare is hit by Filip Zadina and loses puck.
3:24 of 2nd period - Wrist shot by Ryan McLeod.
3:24 of 2nd period - Stopped by Eric Comrie without a rebound.
3:25 of 2nd period - Connor McMichael wins face-off versus Henrik Borgstrom in Havana Tropicals zone.
3:30 of 2nd period - Snap shot by Connor McMichael.
3:30 of 2nd period - Stopped by Eric Comrie without a rebound.
3:31 of 2nd period - Pierre-Edouard Bellemare wins face-off versus Connor McMichael in Havana Tropicals zone.
3:42 of 2nd period - Snap shot by Milan Lucic.
3:42 of 2nd period - Stopped by Karel Vejmelka with a rebound.
3:44 of 2nd period - Slapshot by Pierre-Edouard Bellemare.
3:44 of 2nd period - Stopped by Karel Vejmelka with a rebound.
3:46 of 2nd period - Slapshot by Derrick Pouliot.
3:46 of 2nd period - Shot Misses the Net.
3:58 of 2nd period - Teddy Blueger is hit by Evan Bouchard and loses puck.
4:52 of 2nd period - Icing by Sammy Blais.
4:53 of 2nd period - Pierre-Edouard Bellemare wins face-off versus Dawson Mercer in Havana Tropicals zone.
5:00 of 2nd period - Snap shot by Milan Lucic.
5:00 of 2nd period - Stopped by Karel Vejmelka with a rebound.
5:18 of 2nd period - Andrej Sekera is hit by Joey Anderson and loses puck.
6:01 of 2nd period - Noah Gregor is hit by Zach Whitecloud and loses puck.
6:34 of 2nd period - Zach Aston-Reese is hit by Libor Hajek and loses puck.
6:51 of 2nd period - Snap shot by Filip Zadina.
6:51 of 2nd period - Stopped by Eric Comrie without a rebound.
6:52 of 2nd period - Pierre-Edouard Bellemare wins face-off versus Ryan McLeod in Havana Tropicals zone.
6:59 of 2nd period - Snap shot by Sammy Blais.
6:59 of 2nd period - Deflect By Milan Lucic.
6:59 of 2nd period - Stopped by Karel Vejmelka with a rebound.
7:12 of 2nd period - Pierre-Edouard Bellemare is hit by Evan Bouchard.
8:02 of 2nd period - Backhand shot by Dawson Mercer.
8:02 of 2nd period - Shot Blocked by Teddy Blueger.
8:06 of 2nd period - Wrist shot by Noah Gregor.
8:06 of 2nd period - Stopped by Eric Comrie with a rebound.
8:38 of 2nd period - Josh Mahura is hit by Timothy Liljegren and loses puck.
8:45 of 2nd period - Snap shot by Philipp Kurashev.
8:45 of 2nd period - Shot Misses the Net.
8:47 of 2nd period - Slapshot by Robert Bortuzzo.
8:47 of 2nd period - Stopped by Karel Vejmelka without a rebound.
8:48 of 2nd period - Pierre-Edouard Bellemare wins face-off versus Dawson Mercer in Edmonton Oil Kings zone.
8:49 of 2nd period - Wrist shot by Sammy Blais.
8:49 of 2nd period - Shot Misses the Net.
8:57 of 2nd period - Wrist shot by Milan Lucic.
8:57 of 2nd period - Deflect By Pierre-Edouard Bellemare.
8:57 of 2nd period - Stopped by Karel Vejmelka with a rebound.
8:59 of 2nd period - Slapshot by Andrej Sekera.
8:59 of 2nd period - Shot Misses the Net.
9:01 of 2nd period - Backhand shot by Derrick Pouliot.
9:01 of 2nd period - Stopped by Karel Vejmelka without a rebound.
9:02 of 2nd period - Dawson Mercer wins face-off versus Teddy Blueger in Edmonton Oil Kings zone.
10:53 of 2nd period - Pavel Dorofeyev is hit by Ryan McLeod.
11:14 of 2nd period - Icing by Dawson Mercer.
11:15 of 2nd period - Pierre-Edouard Bellemare wins face-off versus Dawson Mercer in Edmonton Oil Kings zone.
12:17 of 2nd period - Snap shot by Sammy Blais.
12:17 of 2nd period - Stopped by Karel Vejmelka with a rebound.
12:23 of 2nd period - Wrist shot by Pierre-Edouard Bellemare.
12:23 of 2nd period - Stopped by Karel Vejmelka with a rebound.
12:25 of 2nd period - Slapshot by Timothy Liljegren.
12:25 of 2nd period - Stopped by Karel Vejmelka without a rebound.
12:26 of 2nd period - Teddy Blueger wins face-off versus Ryan McLeod in Edmonton Oil Kings zone.
12:36 of 2nd period - Slapshot by Ryan McLeod.
12:36 of 2nd period - Deflect By Filip Zadina.
12:36 of 2nd period - Shot Blocked by Teddy Blueger.
12:36 of 2nd period - Puck is out of play.
12:37 of 2nd period - Teddy Blueger wins face-off versus Dawson Mercer in Havana Tropicals zone.
12:37 of 2nd period - Teddy Blueger is hit by Evan Bouchard.
12:49 of 2nd period - Wrist shot by Chris Tierney.
12:49 of 2nd period - Stopped by Karel Vejmelka without a rebound.
12:50 of 2nd period - Teddy Blueger wins face-off versus Dawson Mercer in Edmonton Oil Kings zone.
12:53 of 2nd period - Snap shot by Zach Aston-Reese.
12:53 of 2nd period - Shot Misses the Net.
12:55 of 2nd period - Wrist shot by Chris Tierney.
12:55 of 2nd period - Shot Misses the Net.
12:57 of 2nd period - Slapshot by Teddy Blueger.
12:57 of 2nd period - Stopped by Karel Vejmelka with a rebound.
13:20 of 2nd period - Backhand shot by Pierre-Edouard Bellemare.
13:20 of 2nd period - Stopped by Karel Vejmelka with a rebound.
14:18 of 2nd period - Brett Kulak is hit by Chris Tierney and loses puck.
14:49 of 2nd period - Wrist shot by Julien Gauthier.
14:49 of 2nd period - Stopped by Eric Comrie with a rebound.
14:51 of 2nd period - Backhand shot by Josh Mahura.
14:51 of 2nd period - Shot Misses the Net.
14:53 of 2nd period - Slapshot by Morgan Barron.
14:53 of 2nd period - Stopped by Eric Comrie without a rebound.
14:54 of 2nd period - Dawson Mercer wins face-off versus Sammy Blais in Havana Tropicals zone.
15:02 of 2nd period - Minor Penalty to Sammy Blais for Hooking.
15:03 of 2nd period - Teddy Blueger wins face-off versus Dawson Mercer in Havana Tropicals zone.
15:17 of 2nd period - Wrist shot by Dawson Mercer.
15:17 of 2nd period - Stopped by Eric Comrie with a rebound.
15:19 of 2nd period - Wrist shot by Dawson Mercer.
15:19 of 2nd period - Goal by Dawson Mercer - Edmonton Oil Kings : 1 - Havana Tropicals : 2.
15:20 of 2nd period - Dawson Mercer wins face-off versus Teddy Blueger in neutral zone.
15:31 of 2nd period - Wrist shot by Dillon Dube.
15:31 of 2nd period - Stopped by Eric Comrie without a rebound.
15:32 of 2nd period - Dawson Mercer wins face-off versus Teddy Blueger in Havana Tropicals zone.
15:33 of 2nd period - Snap shot by Noah Gregor.
15:33 of 2nd period - Shot Blocked by Zach Whitecloud.
15:59 of 2nd period - Sammy Blais is hit by Evan Bouchard and loses puck.
16:13 of 2nd period - Sammy Blais is hit by Joey Anderson.
16:45 of 2nd period - Slapshot by Henrik Borgstrom.
16:45 of 2nd period - Stopped by Karel Vejmelka with a rebound.
17:26 of 2nd period - Icing by Nikita Alexandrov.
17:27 of 2nd period - Philipp Kurashev wins face-off versus Dawson Mercer in Edmonton Oil Kings zone.
17:58 of 2nd period - Wrist shot by Morgan Barron.
17:58 of 2nd period - Stopped by Eric Comrie with a rebound.
18:00 of 2nd period - Wrist shot by Morgan Barron.
18:00 of 2nd period - Stopped by Eric Comrie without a rebound.
18:01 of 2nd period - Ryan McLeod wins face-off versus Teddy Blueger in Havana Tropicals zone.
18:26 of 2nd period - Milan Lucic is hit by Noah Gregor and loses puck.
18:50 of 2nd period - Wrist shot by Pavel Dorofeyev.
18:50 of 2nd period - Shot Misses the Net.
18:52 of 2nd period - Wrist shot by Martin Fehervary.
18:52 of 2nd period - Deflect By Connor McMichael.
18:52 of 2nd period - Stopped by Karel Vejmelka with a rebound.
18:54 of 2nd period - Snap shot by Pavel Dorofeyev.
18:54 of 2nd period - Shot Misses the Net.
19:00 of 2nd period - Snap shot by Anders Bjork.
19:00 of 2nd period - Shot Misses the Net.
19:11 of 2nd period - Off-side.
19:12 of 2nd period - Teddy Blueger wins face-off versus Nikita Alexandrov in neutral zone.
19:37 of 2nd period - Timothy Liljegren is hit by Filip Zadina and loses puck.
19:46 of 2nd period - Snap shot by Filip Zadina.
19:46 of 2nd period - Stopped by Eric Comrie with a rebound.
19:49 of 2nd period - Icing by Timothy Liljegren.
19:50 of 2nd period - Teddy Blueger wins face-off versus Dawson Mercer in Havana Tropicals zone.
Goals for this period are 1 for Edmonton Oil Kings vs 0 for Havana Tropicals.
Shots for this period are 13 for Edmonton Oil Kings vs 19 for Havana Tropicals.
3rd period
0:01 of 3rd period - Teddy Blueger wins face-off versus Noah Gregor in neutral zone.
0:04 of 3rd period - Snap shot by Teddy Blueger.
0:04 of 3rd period - Shot Misses the Net.
0:06 of 3rd period - Slapshot by Martin Fehervary.
0:06 of 3rd period - Stopped by Karel Vejmelka without a rebound.
0:07 of 3rd period - Dawson Mercer wins face-off versus Zach Aston-Reese in Edmonton Oil Kings zone.
0:07 of 3rd period - Dawson Mercer is hit by Zach Whitecloud.
1:22 of 3rd period - Snap shot by Morgan Barron.
1:22 of 3rd period - Shot Blocked by Timothy Liljegren.
1:38 of 3rd period - Snap shot by Wade Allison.
1:38 of 3rd period - Stopped by Eric Comrie with a rebound.
2:22 of 3rd period - Wrist shot by Teddy Blueger.
2:22 of 3rd period - Shot Hit the Post.
2:44 of 3rd period - Josh Mahura is hit by Sammy Blais and loses puck.
2:55 of 3rd period - Anders Bjork is hit by Wade Allison and loses puck.
3:42 of 3rd period - Joey Anderson is hit by Robert Bortuzzo and loses puck.
5:05 of 3rd period - Brett Kulak is hit by Henrik Borgstrom and loses puck.
5:44 of 3rd period - Minor Penalty to Libor Hajek for Hooking.
5:45 of 3rd period - Dawson Mercer wins face-off versus Teddy Blueger in Edmonton Oil Kings zone.
7:44 of 3rd period - Penalty to Libor Hajek is over, Libor Hajek is back on ice.
7:54 of 3rd period - Dillon Dube is hit by Philipp Kurashev and loses puck.
8:11 of 3rd period - Snap shot by Dillon Dube.
8:11 of 3rd period - Shot Misses the Net.
8:13 of 3rd period - Snap shot by Dillon Dube.
8:13 of 3rd period - Stopped by Eric Comrie with a rebound.
8:30 of 3rd period - Slapshot by Josh Mahura.
8:30 of 3rd period - Shot Misses the Net.
8:32 of 3rd period - Slapshot by Brett Kulak.
8:32 of 3rd period - Shot Misses the Net.
8:34 of 3rd period - Slapshot by Dillon Dube.
8:34 of 3rd period - Shot Blocked by Philipp Kurashev.
8:36 of 3rd period - Slapshot by Brett Kulak.
8:36 of 3rd period - Stopped by Eric Comrie with a rebound.
8:38 of 3rd period - Snap shot by Dillon Dube.
8:38 of 3rd period - Shot Blocked by Timothy Liljegren.
8:40 of 3rd period - Slapshot by Morgan Barron.
8:40 of 3rd period - Shot Blocked by Robert Bortuzzo.
8:42 of 3rd period - Snap shot by Morgan Barron.
8:42 of 3rd period - Shot Misses the Net.
8:52 of 3rd period - Snap shot by Dillon Dube.
8:52 of 3rd period - Shot Blocked by Philipp Kurashev.
8:54 of 3rd period - Slapshot by Brett Kulak.
8:54 of 3rd period - Stopped by Eric Comrie without a rebound.
8:55 of 3rd period - Ryan McLeod wins face-off versus Pierre-Edouard Bellemare in Havana Tropicals zone.
9:03 of 3rd period - Snap shot by Filip Zadina.
9:03 of 3rd period - Shot Misses the Net.
9:05 of 3rd period - Slapshot by Evan Bouchard.
9:05 of 3rd period - Shot Misses the Net.
9:07 of 3rd period - Slapshot by Dysin Mayo.
9:07 of 3rd period - Stopped by Eric Comrie without a rebound.
9:08 of 3rd period - Ryan McLeod wins face-off versus Milan Lucic in Havana Tropicals zone.
9:09 of 3rd period - Slapshot by Filip Zadina.
9:09 of 3rd period - Stopped by Eric Comrie with a rebound.
9:46 of 3rd period - Wrist shot by Chris Tierney.
9:46 of 3rd period - Stopped by Karel Vejmelka with a rebound.
10:39 of 3rd period - Zach Aston-Reese is hit by Wade Allison and loses puck.
11:49 of 3rd period - Wrist shot by Filip Zadina.
11:49 of 3rd period - Stopped by Eric Comrie with a rebound.
12:03 of 3rd period - Timothy Liljegren is hit by Kale Clague and loses puck.
12:22 of 3rd period - Philipp Kurashev is hit by Dillon Dube and loses puck.
13:06 of 3rd period - Timothy Liljegren is hit by Tyler Angle and loses puck.
13:28 of 3rd period - Teddy Blueger is hit by Dawson Mercer and loses puck.
14:26 of 3rd period - Andrej Sekera is hit by Connor McMichael and loses puck.
15:04 of 3rd period - Dennis Cholowski is hit by Libor Hajek.
15:15 of 3rd period - Wrist shot by Nolan Foote.
15:15 of 3rd period - Stopped by Karel Vejmelka with a rebound.
15:46 of 3rd period - Pierre-Edouard Bellemare is hit by Dysin Mayo.
15:57 of 3rd period - Robert Bortuzzo is hit by Dysin Mayo and loses puck.
16:14 of 3rd period - Dillon Dube is hit by Pavel Dorofeyev and loses puck.
16:47 of 3rd period - Wrist shot by Connor McMichael.
16:47 of 3rd period - Stopped by Eric Comrie with a rebound.
16:57 of 3rd period - Slapshot by Pierre-Edouard Bellemare.
16:57 of 3rd period - Shot Misses the Net.
18:18 of 3rd period - Off-side.
18:19 of 3rd period - Pierre-Edouard Bellemare wins face-off versus Dawson Mercer in neutral zone.
18:47 of 3rd period - Off-side.
18:48 of 3rd period - Travis Green call a timeout for Edmonton Oil Kings.
18:48 of 3rd period - Teddy Blueger wins face-off versus Dawson Mercer in neutral zone.
19:02 of 3rd period - Wrist shot by Chris Tierney.
19:02 of 3rd period - Stopped by Karel Vejmelka without a rebound.
19:03 of 3rd period - Teddy Blueger wins face-off versus Dawson Mercer in Edmonton Oil Kings zone.
19:19 of 3rd period - Icing by Zach Whitecloud.
19:20 of 3rd period - Dawson Mercer wins face-off versus Teddy Blueger in Havana Tropicals zone.
19:21 of 3rd period - Edmonton Oil Kings, Karel Vejmelka is pulled from the net.
19:29 of 3rd period - Wrist shot by Noah Gregor.
19:29 of 3rd period - Stopped by Eric Comrie with a rebound.
19:31 of 3rd period - Snap shot by Noah Gregor.
19:31 of 3rd period - Stopped by Eric Comrie with a rebound.
19:33 of 3rd period - Wrist shot by Noah Gregor.
19:33 of 3rd period - Deflect By Dillon Dube.
19:33 of 3rd period - Goal by Dillon Dube - Edmonton Oil Kings : 2 - Havana Tropicals : 2.
19:33 of 3rd period - Karel Vejmelka from Edmonton Oil Kings was sent back in the game.
19:34 of 3rd period - Philipp Kurashev wins face-off versus Connor McMichael in neutral zone.
19:41 of 3rd period - Snap shot by Pavel Dorofeyev.
19:41 of 3rd period - Stopped by Karel Vejmelka without a rebound.
19:42 of 3rd period - Philipp Kurashev wins face-off versus Connor McMichael in Edmonton Oil Kings zone.
19:51 of 3rd period - Philipp Kurashev is hit by Julien Gauthier and loses puck.
Goals for this period are 1 for Edmonton Oil Kings vs 0 for Havana Tropicals.
Shots for this period are 11 for Edmonton Oil Kings vs 5 for Havana Tropicals.
Overtime #1
0:01 of 1st overtime period - Dawson Mercer wins face-off versus Zach Aston-Reese in neutral zone.
0:10 of 1st overtime period - Slapshot by Dillon Dube.
0:10 of 1st overtime period - Shot Blocked by Martin Fehervary.
0:12 of 1st overtime period - Slapshot by Dysin Mayo.
0:12 of 1st overtime period - Stopped by Eric Comrie without a rebound.
0:13 of 1st overtime period - Dawson Mercer wins face-off versus Chris Tierney in Havana Tropicals zone.
0:20 of 1st overtime period - Wrist shot by Dillon Dube.
0:20 of 1st overtime period - Shot Misses the Net.
0:22 of 1st overtime period - Wrist shot by Evan Bouchard.
0:22 of 1st overtime period - Shot Blocked by Martin Fehervary.
0:45 of 1st overtime period - Wrist shot by Ryan McLeod.
0:45 of 1st overtime period - Stopped by Eric Comrie without a rebound.
0:46 of 1st overtime period - Pierre-Edouard Bellemare wins face-off versus Ryan McLeod in Havana Tropicals zone.
0:46 of 1st overtime period - Pierre-Edouard Bellemare is hit by Ryan McLeod.
0:54 of 1st overtime period - Wrist shot by Pierre-Edouard Bellemare.
0:54 of 1st overtime period - Stopped by Karel Vejmelka without a rebound.
0:55 of 1st overtime period - Ryan McLeod wins face-off versus Teddy Blueger in Edmonton Oil Kings zone.
1:04 of 1st overtime period - Slapshot by Josh Mahura.
1:04 of 1st overtime period - Stopped by Eric Comrie with a rebound.
1:06 of 1st overtime period - Snap shot by Ryan McLeod.
1:06 of 1st overtime period - Shot Misses the Net.
1:08 of 1st overtime period - Slapshot by Josh Mahura.
1:08 of 1st overtime period - Deflect By Filip Zadina.
1:08 of 1st overtime period - Shot Blocked by Zach Aston-Reese.
1:08 of 1st overtime period - Puck is out of play.
1:09 of 1st overtime period - Dawson Mercer wins face-off versus Teddy Blueger in Havana Tropicals zone.
1:40 of 1st overtime period - Slapshot by Filip Zadina.
1:40 of 1st overtime period - Shot Hit the Post.
2:02 of 1st overtime period - Wrist shot by Pavel Dorofeyev.
2:02 of 1st overtime period - Shot Misses the Net.
2:37 of 1st overtime period - Off-side.
2:38 of 1st overtime period - Pierre-Edouard Bellemare wins face-off versus Dawson Mercer in neutral zone.
3:11 of 1st overtime period - Wrist shot by Ryan McLeod.
3:11 of 1st overtime period - Stopped by Eric Comrie with a rebound.
3:13 of 1st overtime period - Wrist shot by Ryan McLeod.
3:13 of 1st overtime period - Shot Blocked by Timothy Liljegren.
3:44 of 1st overtime period - Brett Kulak is hit by Derrick Pouliot and loses puck.
4:17 of 1st overtime period - Dillon Dube is hit by Zach Aston-Reese.
5:07 of 1st overtime period - Snap shot by Wade Allison.
5:07 of 1st overtime period - Shot Misses the Net.
5:09 of 1st overtime period - Slapshot by Evan Bouchard.
5:09 of 1st overtime period - Shot Blocked by Chris Tierney.
5:11 of 1st overtime period - Snap shot by Wade Allison.
5:11 of 1st overtime period - Stopped by Eric Comrie without a rebound.
5:12 of 1st overtime period - Philipp Kurashev wins face-off versus Dawson Mercer in Havana Tropicals zone.
5:40 of 1st overtime period - Kale Clague is hit by Sammy Blais and loses puck.
6:09 of 1st overtime period - Wrist shot by Chris Tierney.
6:09 of 1st overtime period - Stopped by Karel Vejmelka without a rebound.
6:10 of 1st overtime period - Dawson Mercer wins face-off versus Chris Tierney in Edmonton Oil Kings zone.
6:35 of 1st overtime period - Ryan McLeod is hit by Sammy Blais and loses puck.
7:35 of 1st overtime period - Off-side.
7:36 of 1st overtime period - Nikita Alexandrov wins face-off versus Pierre-Edouard Bellemare in neutral zone.
7:38 of 1st overtime period - Minor Penalty to Nikita Alexandrov for High sticking.
7:39 of 1st overtime period - Teddy Blueger wins face-off versus Dawson Mercer in Edmonton Oil Kings zone.
8:01 of 1st overtime period - Minor Penalty to Dawson Mercer for Hooking.
8:02 of 1st overtime period - Teddy Blueger wins face-off versus Morgan Barron in Edmonton Oil Kings zone.
8:09 of 1st overtime period - Wrist shot by Chris Tierney.
8:09 of 1st overtime period - Goal by Chris Tierney - Edmonton Oil Kings : 2 - Havana Tropicals : 3.
Goals for this period are 0 for Edmonton Oil Kings vs 1 for Havana Tropicals.
Shots for this period are 5 for Edmonton Oil Kings vs 3 for Havana Tropicals.
Back to the Top